 Dungeon Crawl Stone Soup version 0.29.1-15-g9cfb28693d (webtiles) character file.

Game seed: 9604148461681110338

4049 Mickster the Basher (level 10, -9/84 HPs)
             Began as a Hill Orc Berserker on May 8, 2023.
             Was a Believer of Trog.
             Mangled by a fire elemental (15 damage)
             ... summoned by a deep elf pyromancer
             ... on level 10 of the Dungeon on May 9, 2023.
             The game lasted 01:04:30 (5779 turns).

Mickster the Basher (Hill Orc Berserker)            Turns: 5779, Time: 01:04:31

Health: -9/84      AC: 15    Str: 25    XL:     10   Next: 24%
Magic:  10/10      EV:  8    Int:  7    God:    Trog [**....]
Gold:   369        SH:  0    Dex: 16    Spells: 9/9 levels left

rFire   x . .      SeeInvis .   i - +10 hammer of Muji Aqa {protect, +Blink rPois rF-}
rCold   . . .      Faith    .   (no shield)
rNeg    . . .      Spirit   .   j - +0 plate armour
rPois   +          Reflect  .   (no helmet)
rElec   .          Harm     .   h - +0 cloak {rCorr}
rCorr   +          Rampage  .   g - +0 pair of gloves
Will    .....                   (no boots)
Stlth   ..........              (no amulet)
HPRegen 1.04/turn               e - ring of resist corrosion
MPRegen 0.12/turn               p - +6 ring of dexterity

@: no status effects
A: hooves 1, regeneration 1, screaming 1
a: Renounce Religion, Evoke Blink, Berserk, Trog's Hand


You were on level 10 of the Dungeon.
You worshipped Trog.
Trog was pleased with you.
You visited 1 branch of the dungeon, and saw 10 of its levels.

You collected 369 gold pieces.

Inventory:

Hand Weapons
 b - a +4 quarterstaff of chaos
 d - a +1 vorpal mace
 i - the +10 hammer of Muji Aqa (weapon) {protect, +Blink rPois rF-}
   (You found it on level 2 of the Dungeon)

   It grants its wielder temporary protection when it strikes (+7 to AC).
   rF:        It makes you vulnerable to fire.
   rPois:     It protects you from poison.
   +Blink:    It lets you blink.
 o - a +1 falchion of holy wrath
 t - a +2 vorpal shortbow
 v - a +3 halberd of freezing
 w - a +2 scimitar
 A - a +0 rapier of electrocution
 B - a +0 dagger of venom
 C - a +4 battleaxe
 D - a +0 vorpal dire flail
Missiles
 c - 8 curare-tipped darts (quivered)
 l - 3 boomerangs
 u - 10 poisoned darts
 y - 2 throwing nets
Armour
 a - a scarf of resistance
 g - a +0 pair of gloves (worn)
 h - a +0 cloak of preservation (worn)
 j - a +0 plate armour (worn)
 z - a scarf of invisibility
Jewellery
 e - a ring of resist corrosion (left hand)
 p - a +6 ring of dexterity (right hand)
Wands
 q - a wand of paralysis (2)
 x - a wand of mindburst (7)
Scrolls
 f - 9 scrolls of identify
 m - 6 scrolls of teleportation
 n - a scroll of fear
 s - a scroll of torment {unknown}
Potions
 k - 4 potions of curing
 r - 2 potions of haste


   Skills:
 + Level 6.8 Fighting
 + Level 1.1 Long Blades
 * Level 6.5(10.3) Axes
 - Level 10.5(11.1) Maces & Flails
 * Level 5.1 Throwing
 + Level 7.2 Armour
 + Level 2.1 Dodging
 + Level 0.3 Stealth


You had 9 spell levels left.
You didn't know any spells.
Your spell library contained the following spells:

 Spells                   Type           Power      Damage    Failure   Level
 Portal Projectile        Hex/Tloc       0%         N/A       100%        3
 Tukima's Dance           Hex            0%         N/A       100%        3
 Blade Hands              Tmut           0%         N/A       100%        5


Dungeon Overview and Level Annotations

Branches:
Dungeon (9/15)             Temple (0/1) D:7
   Lair: D:8-11         Orc: D:9-12

Altars:
Cheibriados
Fedhas
Okawaru
Sif Muna
Trog
Uskayaw
Vehumet
Xom

Shops:
D:4 *(   D:5 !


Innate Abilities, Weirdness & Mutations

You have large cloven feet.
Your natural rate of healing is unusually fast.
You occasionally shout uncontrollably at your foes.


Message History

You open the door.
A deep elf pyromancer comes into view.
It is wielding the +3 Elemental Staff {rElec rF++ rC++ AC+5}.
The deep elf pyromancer shouts!
The deep elf pyromancer casts a spell at you.
The bolt of fire hits you!
Throw: 9 darts (curare)
Press: ? - help, Q - select action, (/) - cycle Shift-Dir - straight line, f - deep elf pyromancer
Aim: a deep elf pyromancer, wielding the +3 Elemental Staff {rElec rF++ rC++ AC+5} and wearing a +1 robe (56% to hit)
You throw a curare-tipped dart.
The curare-tipped dart closely misses the deep elf pyromancer.
The deep elf pyromancer gestures at you while chanting.
The bolt of fire hits you!!
The deep elf pyromancer mumbles some strange words.
There is an open door here.
You miss the deep elf pyromancer.
Your kick misses the deep elf pyromancer.
The deep elf pyromancer gestures wildly while chanting.
You slice the deep elf pyromancer!!
Your kick misses the deep elf pyromancer.
The deep elf pyromancer is heavily wounded.
The deep elf pyromancer casts a spell at you.
The bolt of fire hits you!!
* * * LOW HITPOINT WARNING * * *
You slash the deep elf pyromancer! You kick the deep elf pyromancer.
The deep elf pyromancer is almost dead.
You slash the fire elemental!
The deep elf pyromancer casts a spell at you.
The bolt of fire hits you but does no damage.
The fire elemental hits you. The fire elemental burns you!
* * * LOW HITPOINT WARNING * * *
The fire elemental hits you. The fire elemental burns you!
* * * LOW HITPOINT WARNING * * *
The deep elf pyromancer hits you but does no damage.
The deep elf pyromancer crushes you.
* * * LOW HITPOINT WARNING * * *
The +10 hammer of Muji Aqa {protect, +Blink rPois rF-} hums with potential!
i - the +10 hammer of Muji Aqa (weapon)
{protect, +Blink rPois rF-} The fire elemental hits you.
The fire elemental burns you! The fire burns you terribly!
You die...

...##+##..##.##.#
#.......##...###
#......##..§..#
#.....####...#
#....'#..##.#
#...##†...##
#..##.....###
#####....##.##
##≈##..#@E..+
##≈≈≈####Ee°..#
##≈≈≈≈≈##.E○....#
.##≈≈≈####°°.°.##
#+##≈##..#+...+#
...## .... #.##
.... ##


You could see a deep elf pyromancer and 3 fire elementals.

Vanquished Creatures
  The ghost of Gelion the Covert, a novice KoBr (D:6)
  A rime drake (D:10)
  A troll (D:9)
  A wyvern (D:9)
  2 steam dragons (D:10)
  An ice beast (D:7)
  2 water moccasins
  A sky beast (D:6)
  4 orc warriors
  An ogre (D:5)
  2 centaurs (D:8)
  A kobold brigand (D:7)
  Blork the orc (D:6)
  3 bullfrogs
  2 necrophages
  A gnoll sergeant (D:5)
  3 scorpions
  6 wights
  An electric eel (D:9)
  A hound (D:5)
  4 quasits (D:6)
  A jelly (D:7)
  2 orc priests
  Crazy Yiuf (D:2)
  2 iguanas
  9 orc wizards
  11 gnolls
  6 adders
  A white imp (D:7)
  2 ufetubi
  2 worms
  3 dart slugs
  31 orcs
  A ball python (D:1)
  4 bats
  4 endoplasms
  3 giant cockroaches
  4 goblins
  6 hobgoblins
  4 quokkas
  2 frilled lizards (D:2)
  6 kobolds
  3 rats
148 creatures vanquished.

Vanquished Creatures (others)
  A fungus (D:2)
  38 plants
39 creatures vanquished.

Grand Total: 187 creatures vanquished

Notes
Turn   | Place    | Note
-------+----------+-------------------------------------------
     0 | D:1      | Mickster the Hill Orc Berserker began the quest for the
                  | Orb.
     0 | D:1      | Reached XP level 1. HP: 19/19 MP: 1/1
   102 | D:1      | Reached XP level 2. HP: 11/27 MP: 2/2
   838 | D:2      | Found a shimmering altar of Xom.
   941 | D:2      | Reached XP level 3. HP: 28/33 MP: 3/3
  1220 | D:2      | Reached skill level 5 in Axes
  1240 | D:2      | Found a runed translucent door.
  1241 | D:2      | Noticed Crazy Yiuf
  1249 | D:2      | Killed Crazy Yiuf
  1250 | D:2      | Reached XP level 4. HP: 37/41 MP: 4/4
  1254 | D:2      | Identified the +10 hammer of Muji Aqa {protect, +Blink
                  | rPois rF-}
  1495 | D:2      | Found a faded altar of an unknown god.
  1717 | D:3      | Reached skill level 1 in Maces & Flails
  1761 | D:3      | Reached skill level 1 in Throwing
  1952 | D:3      | Found an iron altar of Okawaru.
  1989 | D:4      | Noticed a scorpion
  1993 | D:4      | Killed a scorpion
  1994 | D:4      | Reached skill level 2 in Maces & Flails
  1994 | D:4      | Reached XP level 5. HP: 47/47 MP: 5/5
  2005 | D:4      | Reached XP level 6. HP: 53/53 MP: 6/6
  2012 | D:4      | Reached skill level 3 in Maces & Flails
  2014 | D:4      | Reached ** piety under Trog
  2074 | D:4      | Found Vaihuuw's Antique Weapon Boutique.
  2098 | D:4      | Gained mutation: You occasionally shout uncontrollably at
                  | your foes. [potion of mutation]
  2098 | D:4      | Gained mutation: You have large cloven feet. [potion of
                  | mutation]
  2098 | D:4      | Gained mutation: Your natural rate of healing is unusually
                  | fast. [potion of mutation]
  2248 | D:4      | Found Ygariejy's General Store.
  2415 | D:5      | Entered Level 5 of the Dungeon
  2471 | D:5      | Reached skill level 4 in Maces & Flails
  2498 | D:5      | Found Edelaw's Distillery.
  2507 | D:5      | Reached XP level 7. HP: 49/60 MP: 7/7
  2729 | D:5      | Reached skill level 5 in Fighting
  2737 | D:5      | Reached skill level 5 in Maces & Flails
  2857 | D:5      | Found a hide-covered altar of Uskayaw.
  2883 | D:5      | Found a snail-covered altar of Cheibriados.
  2890 | D:5      | Found a shimmering blue altar of Sif Muna.
  2999 | D:6      | Found a transporter.
  3009 | D:6      | Noticed Gelion's ghost (novice KoBr)
  3031 | D:6      | Found a transporter.
  3054 | D:6      | Reached skill level 6 in Maces & Flails
  3054 | D:6      | Reached XP level 8. HP: 68/68 MP: 8/8
  3069 | D:6      | Killed Gelion's ghost
  3070 | D:6      | Reached skill level 7 in Maces & Flails
  3345 | D:6      | Found a blossoming altar of Fedhas.
  3425 | D:6      | Noticed Blork the orc
  3445 | D:6      | Killed Blork the orc
  3446 | D:6      | Reached skill level 8 in Maces & Flails
  3446 | D:6      | Reached skill level 5 in Armour
  3701 | D:7      | Found a staircase to the Ecumenical Temple.
  3729 | D:7      | Reached XP level 9. HP: 57/74 MP: 9/9
  3886 | D:7      | Reached skill level 9 in Maces & Flails
  4347 | D:8      | Found a radiant altar of Vehumet.
  4469 | D:8      | Found a bloodstained altar of Trog.
  4654 | D:8      | Reached skill level 10 in Maces & Flails
  5140 | D:9      | Reached skill level 1 in Long Blades
  5156 | D:9      | Noticed a troll
  5165 | D:9      | Killed a troll
  5166 | D:9      | Reached XP level 10. HP: 84/84 MP: 10/10
  5484 | D:9      | Reached skill level 5 in Throwing
  5600 | D:9      | You fall into a shaft and drop 1 floor!
  5600 | D:10     | Entered Level 10 of the Dungeon
  5773 | D:10     | Noticed a deep elf pyromancer
  5779 | D:10     | Mangled by a fire elemental

Illustrated notes

Levels and vault maps discovered:
D:1:      lemuel_arrival_tunnels, layout_loops_ring, serial_aquarium,
          aquarium_bridge_straight [aquarium_subvault_bridge,
          aquarium_subvault_window, aquarium_subvault_bridge,
          aquarium_subvault_wall], aquarium_bridge_straight
          [aquarium_subvault_bridge, aquarium_subvault_wall,
          aquarium_subvault_bridge, aquarium_subvault_wall],
          aquarium_window_fake, aquarium_window_1, aquarium_window_1,
          aquarium_view_2d, aquarium_view_2c
D:2:      layout_basic, dilly_ecumenical_altar_fadedgnrine, basic_altar,
          uniq_crazy_yiuf_cottage
D:3:      layout_loops_ring, mainiacjoe_overflow_brackets, minmay_misc_feat_five
D:4:      layout_basic, serial_shops, nicolae_inconvenience_store, shop,
          nicolae_shop_behind_doors, chequers_serial_rivers_micro_d
D:5:      layout_loops_ring, lemuel_round_altar, nicolae_overflow_hidden_temple,
          serial_shops, shop_fountains, minmay_large_rounded_square
D:6:      layout_cave_pools, mainiacjoe_overflow_cross_hatched,
          gammafunk_ghost_stat_death, amethyst_killhole, uniq_blork_the_orc
D:7:      layout_rooms, temple_doors_cd, nicolae_titane
D:8:      layout_basic, mainiacjoe_overflow_alcove_4,
          mainiacjoe_overflow_24_doors, lemuel_coloured_pillars_altar,
          kennysheep_nub
D:9:      layout_irregular_city, serial_bayou_lagoon_a,
          kennysheep_generic_room_9
D:10:     layout_gridville, gammafunk_ghost_spectres,
          dilly_guarded_unrand_elemental_staff

Skill      XL: |  1  2  3  4  5  6  7  8  9 10 |
---------------+-------------------------------+-----
Fighting       | 4 5 6 |  6.8
Axes           | 5 6 |  6.5
Maces & Flails | 2 4 6 8 10 | 10.5
Throwing       | 1 2 3 4 5 |  5.1
Armour         | 3 4 5 6 7 |  7.2
Dodging        | 2 |  2.1
Long Blades    | 1 |  1.1
Stealth        | |  0.3

Action                   |  1- 3 |  4- 6 |  7- 9 | 10-12 || total
-------------------------+-------+-------+-------+-------++-------
Melee: Hand axe          |    84 |       |       |       ||    84
       Mace              |       |    89 |   178 |       ||   267
       Kick              |       |     6 |    43 |    18 ||    67
       Punch             |       |       |     2 |       ||     2
       Falchion          |       |       |     9 |       ||     9
       Battleaxe         |       |       |     8 |    38 ||    46
Throw: Dart              |       |       |     4 |     1 ||     5
Invok: Berserk           |     3 |     2 |    10 |     1 ||    16
       Trog's Hand       |       |     1 |     8 |       ||     9
  Use: Scroll            |     1 |     1 |     6 |       ||     8
       Potion            |     2 |     5 |     3 |       ||    10
 Stab: Distracted        |       |       |       |     1 ||     1
Armor: Animal skin       |     5 |       |       |       ||     5
       Ring mail         |    24 |     4 |       |       ||    28
       Plate armour      |       |    69 |   198 |    17 ||   284
Dodge: Dodged            |    47 |    49 |    97 |     3 ||   196
